 Dungeon Crawl Stone Soup version 0.32-a0-876-gcfddb08e57 (webtiles) character file.

Game seed: 9268646873569478288

118 601d51SH the Shield-Bearer (level 5, 0/47 HPs)
             Began as a Gnoll Fighter on Apr 2, 2024.
             Killed by divine providence
             ... invoked by an orc priest
              (16 damage)
             ... on level 3 of the Dungeon.
             The game lasted 00:02:28 (1620 turns).

601d51SH the Shield-Bearer (Gnoll Fighter)          Turns: 1620, Time: 00:02:29

Health: 0/47       AC:  7    Str: 17    XL:     5   Next: 2%
Magic:  7/7        EV:  8    Int:  7    God:
Gold:   111        SH:  5    Dex: 12    Spells: 6/6 levels left

rFire   . . .        a - +0 war axe
rCold   . . .        c - +0 buckler
rNeg    . . .        b - +0 scale mail
rPois   .            (no helmet)
rElec   .            (no cloak)
rCorr   .            (no gloves)
SInv    .            (no boots)
Will    .....        (no amulet) Stlth
                     (no ring)
HPRegen 0.27/turn    (no ring)
MPRegen 0.10/turn

%: no passive effects
@: no status effects
A: fangs 1, strong nose, distributed training
a: Convert to Beogh


You were on level 3 of the Dungeon.
You visited 1 branch of the dungeon, and saw 3 of its levels.

You collected 111 gold pieces.

Inventory:

Hand Weapons
 a - a +0 war axe (weapon)
 p - a +0 dagger of venom
Missiles
 n - 2 poisoned darts (quivered)
Armour
 b - a +0 scale mail (worn)
 c - a +0 buckler (worn)
Scrolls
 e - 2 scrolls of identify {unknown}
 h - 2 scrolls of teleportation {unknown}
 k - a scroll of immolation {unknown}
 l - 4 scrolls of vulnerability {unknown}
 o - a scroll of poison {unknown}
Potions
 d - a potion of might
 f - 2 potions of lignification {unknown}
 g - 3 potions of curing {unknown}
 i - a potion of degeneration {unknown}
 j - a potion of enlightenment {unknown}
 m - a potion of brilliance {unknown}


   Skills:
 + Level 6.6 Fighting
 + Level 1.4 Short Blades
 + Level 1.4 Long Blades
 + Level 4.7 Axes
 + Level 1.4 Maces & Flails
 + Level 1.4 Polearms
 + Level 1.4 Staves
 + Level 1.4 Ranged Weapons
 + Level 1.4 Throwing
 + Level 6.6 Armour
 + Level 1.4 Dodging
 + Level 1.4 Stealth
 + Level 6.6 Shields
 + Level 1.4 Unarmed Combat
 + Level 1.4 Spellcasting
 + Level 1.1 Conjurations
 + Level 1.1 Hexes
 + Level 1.1 Summonings
 + Level 1.1 Necromancy
 + Level 1.1 Translocations
 + Level 1.1 Fire Magic
 + Level 1.1 Ice Magic
 + Level 1.1 Air Magic
 + Level 1.1 Earth Magic
 + Level 1.1 Alchemy
 + Level 1.5 Invocations
 + Level 1.4 Evocations
 + Level 1.2 Shapeshifting


You had 6 spell levels left.
You didn't know any spells.
Your spell library contained the following spells:

 Spells                   Type           Power      Damage    Failure   Level
 Frozen Ramparts          Ice            4%         1d1       96%         3
 Ozocubu's Armour         Ice            2%         N/A       96%         3
 Metabolic Englaciation   Hex/Ice        1%         N/A       100%        5


Dungeon Overview and Level Annotations

Branches:
Dungeon (3/15)

Altars:
Elyvilon


Innate Abilities, Weirdness & Mutations

You have very sharp teeth.
Your uncanny sense of smell can sniff out nearby items.
Your experience applies equally to all skills.


Message History

You barely miss the orc.
An orc comes into view. It is wielding a +0 club.
You have reached level 5!
The orc shouts!
You hit the orc. Your bite misses the orc.
The orc is almost dead.
You hear a shout!
The orc closely misses you. The orc hits you but does no damage.
You are poisoned.
A goblin comes into view. It is wielding a +0 club.
The orc priest shouts!
You hit the orc.
You kill the orc!
You feel sick.
You feel sick.
You see here a +0 dagger of venom.
You closely miss the orc. Your bite misses the orc.
You feel sick. You block the orc's attack.
The orc priest hits you from afar with a +0 trident.
You closely miss the orc.
You feel sick.
The orc priest hits you but does no damage.
The orc hits you but does no damage.
You feel sick.
You are no longer poisoned.
The orc attacks as it pursues you! The orc hits you but does no damage.
The orc priest invokes the aid of Beogh against you.
Pain shoots through your body! The orc attacks as it pursues you!
The orc barely misses you.
The orc priest shouts, "Beogh offers mercy even to people such as you.
Join us and be reborn!" (press Y on the ability menu to convert to Beogh)
The orc attacks as it pursues you! The orc hits you but does no damage.
The orc attacks as it pursues you! You block the orc's attack.
The orc attacks as it pursues you! The orc hits you with a +0 club.
The orc priest invokes the aid of Beogh against you.
Beogh smites you!
* * * LOW HITPOINT WARNING * * *
The orc attacks as it pursues you! The orc closely misses you.
The orc priest mumbles some strange prayers to Beogh against you.
Beogh smites you!
You die...

#..........# #.# #.#.....#..#
#.# ######..........# #.#
###....#.#.⌠.⌠.#..# #.#
.................####.#
#####.##.#.#.....#...†.^.####
.........†...._......†)........
)..........#.....#.............
).).......o..go.@...###########
...........#.⌠.⌠.#..#
...................##
...........#.....#.#
...................#
..................##
..................#
##########........# #........#


You could see an orc priest, an orc and a goblin.

Vanquished Creatures
  4 gnolls
  An adder (D:3)
  2 ribbon worms (D:2)
  3 orcs (D:3)
  5 ball pythons
  5 endoplasms
  2 giant cockroaches
  9 hobgoblins
  3 kobolds
  A quokka (D:2)
  10 bats
  3 frilled lizards
  5 goblins
  5 rats
58 creatures vanquished.

Notes
Turn   | Place    | Note
-------+----------+-------------------------------------------
     0 | D:1      | 601d51SH the Gnoll Fighter began the quest for the Orb.
     0 | D:1      | Reached XP level 1. HP: 23/23 MP: 1/1
   108 | D:1      | Reached XP level 2. HP: 29/29 MP: 2/2
   397 | D:1      | Reached XP level 3. HP: 35/35 MP: 3/3
   615 | D:2      | Reached skill level 1 in Invocations
   917 | D:2      | Reached skill level 1 in Short Blades
   917 | D:2      | Reached skill level 1 in Long Blades
   917 | D:2      | Reached skill level 1 in Maces & Flails
   917 | D:2      | Reached skill level 1 in Polearms
   917 | D:2      | Reached skill level 1 in Staves
   917 | D:2      | Reached skill level 1 in Ranged Weapons
   917 | D:2      | Reached skill level 1 in Throwing
   917 | D:2      | Reached skill level 1 in Dodging
   917 | D:2      | Reached skill level 1 in Stealth
   917 | D:2      | Reached skill level 1 in Unarmed Combat
   917 | D:2      | Reached skill level 1 in Spellcasting
   917 | D:2      | Reached skill level 1 in Evocations
  1053 | D:2      | Reached skill level 1 in Shapeshifting
  1053 | D:2      | Reached XP level 4. HP: 41/41 MP: 5/5
  1065 | D:1      | Reached skill level 1 in Conjurations
  1065 | D:1      | Reached skill level 1 in Hexes
  1065 | D:1      | Reached skill level 1 in Summonings
  1065 | D:1      | Reached skill level 1 in Necromancy
  1065 | D:1      | Reached skill level 1 in Translocations
  1065 | D:1      | Reached skill level 1 in Fire Magic
  1065 | D:1      | Reached skill level 1 in Ice Magic
  1065 | D:1      | Reached skill level 1 in Air Magic
  1065 | D:1      | Reached skill level 1 in Earth Magic
  1065 | D:1      | Reached skill level 1 in Alchemy
  1554 | D:3      | Found a white marble altar of Elyvilon.
  1602 | D:3      | Reached XP level 5. HP: 47/47 MP: 7/7
  1620 | D:3      | Killed from afar by an orc priest

Illustrated notes

Levels and vault maps discovered:
D:1:      mrwooster_arrival_statue_2, layout_basic
D:2:      layout_basic
D:3:      layout_basic, elyvilon_altar_5

Skill      XL: |  1  2  3  4 |
---------------+-------------+-----
Invocations    | 1 |  1.5
Short Blades   | 1 |  1.4
Long Blades    | 1 |  1.4
Maces & Flails | 1 |  1.4
Polearms       | 1 |  1.4
Staves         | 1 |  1.4
Ranged Weapons | 1 |  1.4
Throwing       | 1 |  1.4
Dodging        | 1 |  1.4
Stealth        | 1 |  1.4
Unarmed Combat | 1 |  1.4
Spellcasting   | 1 |  1.4
Evocations     | 1 |  1.4
Shapeshifting  | 1 |  1.2
Conjurations   | 1 |  1.1
Hexes          | 1 |  1.1
Summonings     | 1 |  1.1
Necromancy     | 1 |  1.1
Translocations | 1 |  1.1
Fire Magic     | 1 |  1.1
Ice Magic      | 1 |  1.1
Air Magic      | 1 |  1.1
Earth Magic    | 1 |  1.1
Alchemy        | 1 |  1.1
Fighting       | |  6.6
Axes           | |  4.7
Armour         | |  6.6
Shields        | |  6.6

Action                     |  1- 3 |  4- 6 || total
---------------------------+-------+-------++-------
  Melee: War axe           |    99 |    41 ||   140
         Bite              |    10 |     5 ||    15
 Armour: Scale mail        |    69 |    47 ||   116
  Dodge: Dodged            |    33 |    28 ||    61
  Block: Buckler           |    26 |    11 ||    37

Table legend: (Time is in decaauts)
 A = Elapsed time spent in this place.
 B = Non-inter-level travel time spent in this place.
 C = Inter-level travel time spent in this place.
 D = Time resting spent in this place.
 E = Time spent auto-exploring this place.
 F = Levels seen in this place.
 G = Mean time per level.
                   A        B        C        D        E       F      G
               +--------+--------+--------+--------+--------+-----+--------+
         Total |   1662 |   1628 |     34 |    114 |   1125 |   3 |  554.0 |
       Dungeon |   1662 |   1628 |     34 |    114 |   1125 |   3 |  554.0 |
               +--------+--------+--------+--------+--------+-----+--------+

Top non-repeatable levels by time:
     D:2: 1023 daAuts
     D:1: 529 daAuts
     D:3: 109 daAuts
